 Dungeon Crawl Stone Soup version 0.26-a0-540-g8a0c9464d7 (webtiles) character file.

Game seed: 17335447461080858828

576 HammerPanzer the Slasher (level 7, -8/52 HPs)
             Began as a Demonspawn Berserker on Aug 18, 2020.
             Was a Priest of Trog.
             Mangled by Harold
             ... wielding a +0 scimitar
              (9 damage)
             ... on level 7 of the Dungeon.
             The game lasted 00:10:05 (4182 turns).

HammerPanzer the Slasher (Demonspawn Berserker)     Turns: 4182, Time: 00:10:05

Health: -8/52      AC: 13    Str: 20    XL:     7   Next: 13%
Magic:  0/7        EV:  7    Int:  8    God:    Trog [***...]
Gold:   293        SH:  0    Dex: 12    Spells: 6/6 levels left

rFire    . . .     SeeInvis .   a - +0 falchion
rCold    . . .     Faith    .   (no shield)
rNeg     . . .     Spirit   +   g - +0 plate armour
rPois    +         Reflect  .   m - +0 helmet
rElec    .         Harm     .   (no cloak)
rCorr    .                      (no gloves)
MR       .....                  (no boots)
Stlth    ..........             o - amulet of the acrobat
HPRegen  0.17/turn              h - ring of poison resistance
MPRegen  0.20/turn              (no ring)

@: marked, berserk cooldown, slowed, very slow
A: talons 1, slimy green scales 1, magic shield, magic regeneration
a: Berserk, Trog's Hand, Renounce Religion


You were on level 7 of the Dungeon.
You worshipped Trog.
Trog was most pleased with you.
You visited 1 branch of the dungeon, and saw 5 of its levels.

You collected 293 gold pieces.

Inventory:

Hand Weapons
 a - a +0 falchion (weapon)
Missiles
 k - 6 curare-tipped darts (quivered)
Armour
 g - a +0 plate armour (worn)
 m - a +0 helmet (worn)
Jewellery
 h - a ring of poison resistance (left hand)
 o - an amulet of the acrobat (around neck)
Scrolls
 b - a scroll of identify
 i - a scroll of immolation
 l - a scroll of fear
Potions
 c - 2 potions of brilliance {unknown}
 d - a potion of curing {unknown}
 e - 2 potions of invisibility
 f - a potion of ambrosia {unknown}


   Skills:
 - Level 3.0 Fighting
 + Level 5.6 Long Blades
 - Level 1.7 Armour
 + Level 5.2 Dodging


You had 6 spell levels left.
You didn't know any spells.
Your spell library was empty.

Dungeon Overview and Level Annotations

Branches:
Dungeon (7/15)
 Temple: D:4-7

Altars:
Dithmenos
Sif Muna
Uskayaw
Xom
Zin

Annotations:
D:7 Harold


Innate Abilities, Weirdness & Mutations

You have sharp toenails.
You are partially covered in slimy green scales. (AC +2)
When hurt, damage is shared between your health and your magic reserves.
You regenerate magic rapidly.


Message History

The worker ant barely misses you. Harold hits you but does no damage.
The worker ant barely misses you.
You riposte.
Your plate armour prevents you from hitting the worker ant.
Your kick misses the worker ant. You hit Harold but do no damage.
Harold is moderately wounded.
The worker ant bites you but does no damage.
Harold hits you with a +0 scimitar!
* * * LOW HITPOINT WARNING * * *
The worker ant bites you but does no damage.
You hit Harold but do no damage. You claw Harold.
Harold is moderately wounded.
Harold completely misses you. The worker ant closely misses you.
The worker ant bites you. Harold hits you but does no damage.
You hit Harold. Your kick misses Harold.
Harold is heavily wounded.
The worker ant barely misses you.
You riposte.
Your plate armour prevents you from hitting the worker ant.
Harold hits you with a +0 scimitar!
You die...

####### #.. ..# ## #.#
#.# #.## #.###.#### ##
#.##### #.#...†...
#.###....####.#.#.###.
###.#.###.)......#.#
#.
#)....@..#####.....#
#. #>...a@..# #######
#. #........# #.
#........######## #[
#...............# ##.
.................# #..
.................#
##.#
....#.#.#.........#
#..# #..@....# #.##


You could see Harold and a worker ant.

Vanquished Creatures
  Grinder (D:3)
  A scorpion (D:4)
  A jelly (D:7)
  3 orc wizards (D:3)
  A worker ant (D:4)
  A hound zombie (D:4)
  6 adders
  2 worms
  3 leopard geckos (D:1)
  13 orcs
  4 ball pythons
  7 bats
  6 giant cockroaches
  8 goblins
  8 hobgoblins
  10 jackals
  7 kobolds
  A quokka (D:3)
  4 frilled lizards
  11 rats
98 creatures vanquished.

Vanquished Creatures (others)
  5 toadstools (D:1)
5 creatures vanquished.

Grand Total: 103 creatures vanquished

Notes
Turn   | Place    | Note
-------+----------+-------------------------------------------
     0 | D:1      | HammerPanzer the Demonspawn Berserker began the quest for
                  | the Orb.
     0 | D:1      | Reached XP level 1. HP: 18/18 MP: 1/1
   181 | D:1      | Gained mutation: You are partially covered in slimy green
                  | scales. (AC +2) [demonic ancestry]
   181 | D:1      | Reached XP level 2. HP: 21/24 MP: 2/2
   628 | D:1      | Reached ** piety under Trog
   651 | D:1      | Reached XP level 3. HP: 22/29 MP: 3/3
  1382 | D:1      | Found a glowing silver altar of Zin.
  1885 | D:2      | Gained mutation: You have sharp toenails. [demonic
                  | ancestry]
  1885 | D:2      | Reached XP level 4. HP: 31/35 MP: 4/4
  2166 | D:2      | Found a hide-covered altar of Uskayaw.
  2166 | D:2      | Found a shimmering altar of Xom.
  2480 | D:2      | Found a shimmering blue altar of Sif Muna.
  2634 | D:3      | Gained mutation: When hurt, damage is shared between your
                  | health and your magic reserves. [demonic ancestry]
  2634 | D:3      | Reached XP level 5. HP: 41/41 MP: 5/5
  2711 | D:3      | Reached *** piety under Trog
  2834 | D:3      | Noticed Grinder
  2851 | D:3      | Paralysed by Grinder for 2 turns
  2856 | D:3      | Killed Grinder
  2856 | D:3      | Reached skill level 5 in Long Blades
  2856 | D:3      | Gained mutation: You regenerate magic rapidly. [demonic
                  | ancestry]
  2856 | D:3      | Reached XP level 6. HP: 25/47 MP: 3/6
  3857 | D:4      | Reached skill level 5 in Dodging
  3942 | D:4      | Reached XP level 7. HP: 50/52 MP: 5/7
  4049 | D:4      | You fall into a shaft and drop 3 floors!
  4050 | D:7      | Noticed Harold
  4054 | D:7      | Found a shadowy altar of Dithmenos.
  4180 | D:7      | HP: 1/52 [Harold/+0 scimitar (9)]
  4182 | D:7      | Mangled by Harold

Illustrated notes

Levels and vault maps discovered:
D:1:      minmay_arrival_three_doors, layout_basic, roderic_lattice_a,
          hangedman_decor_slide_cut, kennysheep_flooded_box, st_stairs_7,
          minmay_gold_behind_fungi, minmay_heptomino_l4
D:2:      layout_basic, nicolae_overflow_crystal_walls,
          gammafunk_temple_overflow_wave
D:3:      layout_basic, uniq_grinder
D:4:      layout_basic, lemuel_crystal_altar, grunt_temple_overflow_diamond,
          lemuel_altar_in_water
D:7:      layout_loops_cross, kennysheep_mini_moat, xom_redecorated, uniq_harold

Skill      XL: |  1  2  3  4  5  6 |
---------------+-------------------+-----
Dodging        | 2 3 4 5 |  5.2
Long Blades    | 3 4 5 |  5.6
Fighting       | |  3.0
Armour         | |  1.7

Action                   |  1- 3 |  4- 6 |  7- 9 || total
-------------------------+-------+-------+-------++-------
Melee: Falchion          |   151 |   135 |    22 ||   308
       Kick              |       |    32 |    13 ||    45
Invok: Berserk           |     1 |     3 |     1 ||     5
  Use: Scroll            |       |     7 |     1 ||     8
Armor: Animal skin       |    11 |       |       ||    11
       Leather armour    |    42 |       |       ||    42
       Plate armour      |    17 |    66 |    14 ||    97
Dodge: Dodged            |   110 |    71 |    22 ||   203
       Rpst.: Falchion   |    32 |    18 |    10 ||    60

Table legend: (Time is in decaauts)
 A = Elapsed time spent in this place.
 B = Non-inter-level travel time spent in this place.
 C = Inter-level travel time spent in this place.
 D = Time resting spent in this place.
 E = Time spent auto-exploring this place.
 F = Levels seen in this place.
 G = Mean time per level.
                   A        B        C        D        E       F      G
               +--------+--------+--------+--------+--------+-----+--------+
         Total |   4251 |   4122 |    129 |    826 |   2352 |   5 |  850.2 |
       Dungeon |   4251 |   4122 |    129 |    826 |   2352 |   5 |  850.2 |
               +--------+--------+--------+--------+--------+-----+--------+

Top non-repeatable levels by time:
     D:1: 1510 daAuts
     D:3: 1196 daAuts
     D:2: 1128 daAuts
     D:4: 278 daAuts
     D:7: 137 daAuts
